 Dungeon Crawl Stone Soup version 0.28-a0-1206-g193881aaa2 (webtiles) character file.

Game seed: 13069312305645849201

23 siradein the Skirmisher (level 2, 0/27 HPs)
             Began as a Hill Orc Abyssal Knight on Dec 21, 2021.
             Was a Follower of Lugonu.
             Killed from afar by Terence (1 damage)
             ... with a puff of flame
             ... on level 2 of the Dungeon.
             The game lasted 00:04:43 (1031 turns).

siradein the Skirmisher (Hill Orc Abyssal Knight)   Turns: 1031, Time: 00:04:44

Health: 0/27       AC: 11    Str: 15    XL:     2   Next: 95%
Magic:  4/4        EV:  4    Int: 10    God:    Lugonu [*.....]
Gold:   117        SH:  0    Dex: 11    Spells: 1/1 levels left

rFire   + . .      SeeInvis .   a - +1 mace
rCold   . . .      Faith    .   (no shield)
rNeg    . . .      Spirit   .   c - +0 plate armour
rPois   .          Reflect  .   (no helmet)
rElec   .          Harm     .   (no cloak)
rCorr   .          Rampage  .   (no gloves)
Will    .....                   (no boots)
Stlth   ..........              (no amulet)
HPRegen 0.09/turn               d - ring of protection from fire
MPRegen 0.09/turn               (no ring)

@: no status effects
A: no striking features
a: Renounce Religion, Depart the Abyss


You were on level 2 of the Dungeon.
You worshipped Lugonu.
Lugonu was aware of your devotion.
You visited 1 branch of the dungeon, and saw 2 of its levels.
You visited the Abyss 1 time.

You collected 117 gold pieces.

Inventory:

Hand Weapons
 a - a +1 mace (weapon)
Missiles
 b - 18 poisoned darts (quivered)
Armour
 c - a +0 plate armour (worn)
Jewellery
 d - a ring of protection from fire (left hand)
Scrolls
 e - a scroll of identify {unknown}
 f - a scroll of teleportation {unknown}
Potions
 g - a potion of haste {unknown}


   Skills:
 + Level 3.9 Fighting
 + Level 2.5 Maces & Flails
 + Level 2.5 Armour
 + Level 1.1 Dodging
 + Level 2.9 Invocations


You had one spell level left.
You didn't know any spells.
Your spell library was empty.

Dungeon Overview and Level Annotations

Branches:
Dungeon (2/15)

Altars:

Annotations:
D:2 Terence


Message History

A hobgoblin is nearby!
Terence the Incautious comes into view.
He is wielding a +0 falchion and carrying a wand of flame (3).
The hobgoblin barely misses you.
You hit the hobgoblin.
The hobgoblin is severely wounded.
The hobgoblin hits you but does no damage.
Your plate armour prevents you from hitting the hobgoblin.
The hobgoblin is severely wounded.
The hobgoblin barely misses you. The hobgoblin hits you.
The hobgoblin hits you but does no damage.
You hit the hobgoblin.
You kill the hobgoblin!
Lugonu accepts your kill.
You hit Terence.
Terence is moderately wounded.
Terence hits you with a +0 falchion.
You closely miss Terence.
Terence is moderately wounded.
Terence zaps a wand.
The puff of flame hits you. You resist. Terence hits you but does no damage.
You sock Terence!
Terence is severely wounded.
Terence hits you with a +0 falchion.
You hit Terence.
Terence is severely wounded.
Terence hits you but does no damage.
You hit Terence but do no damage.
Terence is severely wounded.
Terence hits you but does no damage.
You hit Terence.
Terence is almost dead.
Terence hits you with a +0 falchion!
* * * LOW HITPOINT WARNING * * *
Terence hits you with a +0 falchion.
* * * LOW HITPOINT WARNING * * *
You are too injured to fight recklessly!
You are too injured to fight recklessly!
Terence zaps a wand.
The puff of flame hits you. You resist.
You die...

#<....###.##
#.....#
###.#.###
#......#
#†####.#
#.#.# .#
#..# ..###
#@####.....
#..@...##
########


You could see Terence.

Vanquished Creatures
  A dart slug (D:1)
  A ball python (D:1)
  3 endoplasms (D:1)
  A giant cockroach (D:1)
  A goblin (D:1)
  4 hobgoblins
  5 bats (D:1)
  A frilled lizard (D:1)
  A kobold (D:1)
  2 rats (D:1)
20 creatures vanquished.

Notes
Turn   | Place    | Note
-------+----------+-------------------------------------------
     0 | Abyss:1  | siradein the Hill Orc Abyssal Knight began the quest for
                  | the Orb.
     0 | Abyss:1  | Reached XP level 1. HP: 19/19 MP: 2/2
    37 | Abyss:2  | Noticed a fire bat
    39 | D:1      | Escaped the Abyss
   293 | D:1      | Reached skill level 1 in Dodging
   293 | D:1      | Reached XP level 2. HP: 21/27 MP: 3/3
   848 | D:1      | Reached * piety under Lugonu
  1010 | D:2      | Noticed Terence
  1027 | D:2      | HP: 1/27 [Terence (5)]
  1031 | D:2      | Killed from afar by Terence

Illustrated notes

Levels and vault maps discovered:
D:1:      wander_arrival_peaceful_grave, layout_loops_corners, hex_medium
D:2:      layout_loops_ring, basic_altar, chequers_ecumenical_altar_simple,
          minmay_misc_feat_tiny, dk_noncrumbling_3, minmay_quantized,
          uniq_terence

Skill      XL: |  1 |
---------------+----+-----
Dodging        | 1 |  1.1
Fighting       | |  3.9
Maces & Flails | |  2.5
Armour         | |  2.5
Invocations    | |  2.9

Action                   || total
-------------------------++-------
Melee: Mace              ||    55
Invok: Depart the Abyss  ||     1
Armor: Plate armour      ||    53
Dodge: Dodged            ||    15

Table legend: (Time is in decaauts)
 A = Elapsed time spent in this place.
 B = Non-inter-level travel time spent in this place.
 C = Inter-level travel time spent in this place.
 D = Time resting spent in this place.
 E = Time spent auto-exploring this place.
 F = Levels seen in this place.
 G = Mean time per level.
                   A        B        C        D        E       F      G
               +--------+--------+--------+--------+--------+-----+--------+
         Total |   1045 |   1022 |     23 |      0 |    787 |   4 |  261.2 |
       Dungeon |   1006 |    983 |     23 |      0 |    787 |   2 |  503.0 |
         Abyss |     38 |     38 |      0 |      0 |      0 |   2 |   19.0 |
               +--------+--------+--------+--------+--------+-----+--------+

Top non-repeatable levels by time:
     D:1: 981 daAuts
 Abyss:2: 34 daAuts
     D:2: 25 daAuts
 Abyss:1: 4 daAuts
